Map: Galactic Process LE

Players

HENRYHOBO

  • Race: Zerg Zerg
  • League: Gold

Nickos - Winner!

  • Race: Terran Terran
  • League: Gold

VOD

Have the link to the VOD?

Description

Time

  • Played on: Oct. 2, 2016, 6:40 a.m.
  • Length: 9:59
Show
View Real Time Build Order
Export as new Build Order

HENRYHOBO Zerg 

Build Orders: Hatch First 

Get SALT Encoding   

  12  0:02  Drone  
  13  0:12  Drone  
  14  0:37  Hatchery  
  14  0:39  Drone  
  14  0:49  Overlord  
  14  1:08  Drone x2  
  16  1:13  Spawning Pool  
  16  1:16  Drone  
  16  1:21  Drone  
  17  1:32  Drone  
  18  1:35  Extractor  
  17  1:48  Drone  
  17  1:53  Drone  
  19  1:56  Drone  
  19  2:00  Drone  
  21  2:09  Drone  
  21  2:11  Queen  
  21  2:12  Queen  
  21  2:15  Zergling x2  
  27  2:23  Drone  
  27  2:24  Spine Crawler  
  27  2:26  Drone  
  28  2:31  Overlord  
  28  2:42  Extractor  
  28  2:43  Drone  
  28  2:50  Drone, Roach Warren  
  28  2:59  Drone x3  
  28  3:05  Overlord  
  31  3:11  Metabolic Boost  
  31  3:16  Overlord  
  31  3:20  Drone  
  31  3:39  Roach x2  
  31  3:40  Zergling x4  
  37  3:45  Drone x3  
  37  3:47  Drone  
  41  3:49  Lair  
  41  3:52  Drone  
  42  3:56  Queen  
  44  4:08  Drone x4  
  44  4:09  Spore Crawler  
  47  4:15  Spore Crawler, Drone  
  47  4:16  Drone  
  48  4:27  Evolution Chamber x2  
  48  4:31  Baneling Nest  
  45  4:39  Drone  
  45  4:40  Drone x3  
  49  4:45  Queen  
  51  4:53  Overlord x2  
  51  4:55  Drone  
  52  5:00  Extractor  
  52  5:01  Drone x2, Extractor  
  52  5:29  Overseer  
  52  5:30  Centrifical Hooks  
  52  5:32  Zerg Ground Armor Level 1  
  52  5:33  Zergling x6  
  52  5:34  Zergling x6  
  58  5:35  Overlord  
  58  5:36  Overlord  
  58  5:37  Drone x3  
  58  5:38  Drone  
  62  5:45  Queen  
  64  5:57  Spore Crawler  
  64  5:59  Baneling x6  
  64  6:00  Baneling x3  
  64  6:01  Zergling x2  
  64  6:02  Zergling x8  
  68  6:05  Drone  
  69  6:12  Drone x2  
  69  6:15  Drone  
  72  6:30  Hatchery  
  71  6:34  Drone  
  71  6:35  Spire  
  71  6:38  Glial Reconstitution  
  71  6:41  Overlord x2  
  71  6:43  Drone  
  72  7:07  Overlord x2  
  72  7:10  Zerg Melee Weapons Level 1  
  72  7:13  Zergling x8  
  76  7:38  Overseer x2, Extractor  
  76  7:39  Overlord x2  
  76  7:41  Extractor  
  76  7:43  Drone x2  
  76  7:51  Corruptor x3  
  76  7:52  Corruptor  
  84  8:00  Infestation Pit  
  84  8:02  Drone x2  
  84  8:04  Drone x4  
  84  8:05  Drone x4  
  93  8:09  Overlord x2  
  93  8:17  Zergling x4  
  93  8:19  Zergling x6  
  98  8:28  Drone x3  
  101  8:37  Spore Crawler  
  101  8:39  Spore Crawler, Drone  
  100  8:47  Zergling x6  
  103  8:48  Zergling x6  
  103  8:49  Zergling x4  
  103  8:51  Baneling x6  
  103  8:52  Baneling x4  
  103  8:55  Zergling x2  
  109  8:56  Zergling x6  
  109  9:01  Zergling x8  
  82  9:27  Zergling x10  
  82  9:28  Zergling x6  
  82  9:29  Zergling x2  
  84  9:31  Zergling x2  
  84  9:32  Zergling x8  
  84  9:35  Zergling x2  
  84  9:36  Zergling x2  
Show
View Real Time Build Order
Export as new Build Order

Nickos Terran - Winner!

Build Orders: MMM Bio 

Get SALT Encoding   

  12  0:01  SCV  
  13  0:13  SCV  
  14  0:18  Supply Depot  
  14  0:25  SCV  
  15  0:39  SCV  
  15  0:40  Barracks  
  16  0:51  SCV  
  17  1:03  SCV  
  18  1:15  SCV  
  19  1:21  Command Center  
  19  1:28  Marine  
  20  1:33  Orbital Command  
  20  1:45  Barracks  
  20  1:48  Marine  
  21  2:01  SCV  
  22  2:05  Barracks  
  22  2:06  Marine  
  23  2:27  Supply Depot  
  23  2:33  SCV, Marine  
  23  2:34  Orbital Command  
  23  2:35  Marine  
  26  2:38  Supply Depot  
  26  2:39  Refinery  
  26  2:43  Refinery  
  26  2:45  SCV  
  26  2:51  Marine  
  28  2:57  SCV  
  29  3:00  Marine  
  31  3:11  Marine  
  31  3:12  Barracks Tech Lab  
  31  3:17  SCV  
  31  3:18  SCV  
  33  3:21  Bunker  
  33  3:30  SCV x2  
  35  3:34  Stimpack  
  35  3:35  Marine x2  
  35  3:36  Marine  
  38  3:42  SCV  
  38  3:43  SCV  
  40  3:54  SCV  
  41  3:56  Marine  
  41  3:59  SCV  
  41  4:00  Factory  
  45  4:06  Supply Depot, SCV  
  45  4:08  Barracks Reactor  
  45  4:10  Barracks Reactor  
  44  4:18  SCV x2  
  44  4:21  Marine  
  47  4:29  Supply Depot  
  47  4:30  SCV x2  
  49  4:32  Engineering Bay  
  49  4:33  Engineering Bay  
  49  4:41  Marine  
  49  4:42  SCV  
  49  4:43  SCV  
  49  4:45  Starport  
  52  4:46  Factory Reactor  
  52  4:48  Marine x3  
  52  4:49  Marine  
  56  4:56  SCV x2  
  58  5:00  Terran Infantry Weapons Level 1  
  58  5:03  Marine  
  58  5:04  Refinery  
  59  5:12  Command Center  
  58  5:14  Marine x3  
  58  5:15  Marine  
  58  5:18  Terran Infantry Armor Level 1  
  58  5:19  SCV x2  
  64  5:31  SCV x2  
  66  5:42  Marine x3  
  67  5:43  Marine  
  70  5:54  Supply Depot  
  70  5:55  Medivac x2, SCV x2, Marine  
  77  5:58  Supply Depot  
  77  6:00  Marine  
  77  6:03  Combat Shields, Barracks  
  78  6:06  Barracks  
  78  6:15  Marine x4  
  78  6:16  SCV x2  
  84  6:23  Marine  
  84  6:24  Supply Depot  
  85  6:27  Armory  
  85  6:28  SCV x2  
  87  6:33  Marine x2  
  87  6:35  Orbital Command  
  87  6:36  Marine x2  
  87  6:38  Medivac  
  93  6:40  SCV  
  93  6:41  Marine  
  95  6:49  Supply Depot x2  
  94  6:54  Marine x2  
  94  6:55  Marine  
  94  6:56  Marauder  
  94  6:57  Barracks Tech Lab  
  94  6:58  Barracks Tech Lab  
  94  7:00  SCV  
  101  7:01  SCV  
  101  7:02  SCV  
  102  7:12  SCV  
  102  7:13  Terran Infantry Weapons Level 2, SCV  
  104  7:15  Terran Infantry Armor Level 2  
  104  7:17  Marine  
  104  7:18  Marine  
  104  7:19  Marauder  
  104  7:22  Marauder  
  110  7:26  Marauder  
  110  7:27  Marine x2  
  114  7:33  Refinery  
  114  7:38  Marine  
  114  7:40  Marauder  
  114  7:43  Marauder  
  119  7:48  Marine x3, Marauder  
  119  7:49  Medivac  
  126  7:56  Command Center  
  126  7:57  Marine  
  127  8:00  Supply Depot  
  127  8:02  Marauder  
  127  8:04  Marine, Supply Depot, SCV x3  
  133  8:17  Concussive Shells  
  133  8:21  Marine x4  
  133  8:22  Marauder x2, SCV  
  133  8:23  Marauder  
  133  8:26  Supply Depot  
  144  8:27  Medivac, Supply Depot  
  144  8:28  Medivac  
  148  8:40  Marine x2  
  148  8:41  Marine  
  151  8:43  Marauder  
  151  8:44  Marauder  
  151  8:45  Marine  
  151  8:46  Marauder  
  158  8:57  Supply Depot, SCV x3  
  161  9:05  Marauder x2  
  161  9:09  SCV  
  123  9:26  Marine x4  
  123  9:27  Marine x3  
  123  9:28  Viking  
  123  9:29  Viking  
Tags
 
Composition
MMM Bio
League
GoldGold
Matchup
TvZ
Replay Pack
Nickos replay
Add a new tag
Caveats
  • Supply blocks, unpowered buildings, or Contaminate may cause inaccurate times.
  • Supply counts are checked every 10 seconds.